Map: Ley Lines

Players

Moja - Winner!

  • Race: Terran Terran
  • League: Grandmaster
  • Spawn Location: 7:00

Jin

  • Race: Protoss Protoss
  • League: Grandmaster
  • Spawn Location: 1:00

VOD

Have the link to the VOD?

Description

Time

  • Played on: April 23, 2025, 4:26 p.m.
  • Length: 3:54
Show
View Real Time Build Order
Export as new Build Order

Moja Terran - Winner!

Build Orders:  

Get SALT Encoding   

  12  0:00  SCV  
  13  0:12  SCV  
  14  0:17  Supply Depot  
  14  0:24  SCV  
  15  0:39  SCV  
  15  0:40  Barracks  
  16  0:44  Refinery  
  16  0:51  SCV  
  17  1:03  SCV  
  18  1:15  SCV  
  19  1:27  Barracks Reactor  
  19  1:28  Orbital Command  
  19  1:38  Command Center  
  19  1:47  Supply Depot  
  19  1:53  SCV  
  20  2:03  Marine x2  
  20  2:05  Factory  
  23  2:08  SCV  
  23  2:20  SCV  
  23  2:21  Marine x2  
  26  2:28  Refinery  
  26  2:32  SCV  
  27  2:39  Marine x2  
  29  2:44  SCV  
  29  2:51  Orbital Command  
  30  2:52  Starport  
  30  2:57  SCV  
  31  3:04  Hellion x2  
  35  3:09  Barracks Tech Lab, SCV  
  36  3:15  Supply Depot  
  36  3:16  SCV  
  37  3:21  SCV  
  38  3:30  SCV  
  38  3:33  SCV  
  40  3:35  Marine  
  40  3:38  Factory Tech Lab  
Show
View Real Time Build Order
Export as new Build Order

Jin Protoss 

Build Orders: 1 Gate Expand 

Get SALT Encoding   

  12  0:00  Probe  
  13  0:12  Probe  
  14  0:18  Pylon  
  14  0:24  Probe  
  15  0:32  Probe  
  15  0:38  Gateway  
  15  0:40  Probe  
  16  0:46  Assimilator  
  17  0:51  Probe  
  18  1:03  Probe  
  19  1:15  Probe  
  20  1:22  Nexus  
  20  1:32  Cybernetics Core  
  20  1:37  Assimilator  
  20  1:40  Probe  
  21  1:47  Pylon  
  21  1:52  Probe  
  22  1:59  Adept  
  22  2:04  Probe  
  23  2:09  Warp Gate  
  23  2:15  Twilight Council  
  25  2:16  Probe  
  26  2:24  Gateway  
  26  2:29  Probe  
  27  2:36  Probe  
  28  2:41  Probe  
  29  2:48  Probe  
  29  2:49  Pylon  
  30  2:55  Probe  
  31  3:01  Stalker  
  31  3:02  Probe  
  34  3:07  Probe  
  35  3:14  Probe  
  35  3:17  Robotics Facility  
  35  3:19  Probe  
  37  3:26  Probe  
  38  3:28  Gateway  
  38  3:31  Probe  
  39  3:38  Probe  
  39  3:40  Gateway  
Tags
 
Add a new tag
Caveats
  • Supply blocks, unpowered buildings, or Contaminate may cause inaccurate times.
  • Supply counts are checked every 10 seconds.